 Dungeon Crawl Stone Soup version 0.27-a0-668-gb5737ff2c0 (webtiles) character file.

Game seed: 8545472716370588079

57 rageheart7 the Ruffian (level 3, -4/37 HPs)
             Began as a Troll Monk on Mar 18, 2021.
             Slain by a gnoll
             ... wielding a +0 spear of pain
              (9 damage)
             ... on level 2 of the Dungeon.
             The game lasted 00:02:07 (1174 turns).

rageheart7 the Ruffian (Troll Monk)                 Turns: 1174, Time: 00:02:08

Health: -4/37      AC:  5    Str: 20    XL:     3   Next: 73%
Magic:  2/2        EV: 10    Int:  6    God:
Gold:   44         SH:  0    Dex: 12    Spells: 2/2 levels left

rFire    . . .     SeeInvis .     - Unarmed
rCold    . . .     Faith    .   (no shield)
rNeg     . . .     Spirit   .   a - +1 robe
rPois    .         Reflect  .   (helmet restricted)
rElec    .         Harm     .   (no cloak)
rCorr    .         Rampage  .   (gloves unavailable)
Will     .....                  (boots unavailable)
Stlth    ++........             (no amulet)
HPRegen  1.12/turn              (no ring)
MPRegen  0.08/turn              (no ring)

@: no status effects
A: large, unfitting armour, claws 3, regeneration 1, shaggy fur 1, tough skin 1
a: no special abilities


You were on level 2 of the Dungeon.
You visited 1 branch of the dungeon, and saw 2 of its levels.

You collected 44 gold pieces.

Inventory:

Missiles
 b - 6 boomerangs (quivered)
Armour
 a - a +1 robe (worn)
Scrolls
 c - 2 scrolls of identify {unknown}


   Skills:
 * Level 3.0 Fighting
 - Level 2.4 Dodging
 - Level 1.0 Stealth
 * Level 4.2 Unarmed Combat


You had 2 spell levels left.
You didn't know any spells.
Your spell library was empty.

Dungeon Overview and Level Annotations

Branches:
Dungeon (2/15)

Altars:
Fedhas


Innate Abilities, Weirdness & Mutations

You are too large for most types of armour.
You have claws for hands.
Your natural rate of healing is unusually fast.
You are covered in fur. (AC +1)
You have tough skin. (AC +1)


Message History

No target in view!
No target in view!
No target in view!
No target in view!
You see here a rat corpse.
Found a pair of gloves.
A gnoll comes into view. It is wielding a +0 halberd.
A gnoll is nearby!
A gnoll is nearby! 2 gnolls come into view.
A gnoll is wielding a +0 spear of pain.
The gnoll hits you from afar with a +0 halberd!
The gnoll shouts! x2
The gnoll misses you.
You hear a bark!
You closely miss the gnoll.
A hound comes into view.
The gnoll closely misses you.
You claw the gnoll!
You kill the gnoll!
The gnoll hits you from afar with a +0 spear of pain.
You writhe in agony.
The gnoll hits you with a +0 spear of pain.
The gnoll hits you from afar with a +0 spear.
The hound bites you.
You are too injured to fight recklessly!
You are too injured to fight recklessly!
You are too injured to fight recklessly!
You are too injured to fight recklessly!
You are too injured to fight recklessly!
You are too injured to fight recklessly!
You are too injured to fight recklessly!
You aren't carrying any potions.
You barely miss the hound. The hound bites you but does no damage.
The gnoll hits you with a +0 spear of pain!
* * * LOW HITPOINT WARNING * * *
You writhe in agony.
* * * LOW HITPOINT WARNING * * *
The hound barely misses you.
The gnoll hits you from afar with a +0 spear of pain!
You die...

#.# #.# .# #.# #.#
.# #.# #.# .# #.#
#.# ##.## #.# #.#
##...# #.# #.###...#
####.######.......#
..##.........##...##
#.##.#######.###@..#
#.#†.##### #.# #.h.#
#........# #.# #g#.#
..#..###....[.
.g.... #.#..#
##.####.#### ..#..#
#.# .# .#.#.# #.# .#
..##.. ..# .#
.#.#.## .#


You could see a hound and 2 gnolls.

Vanquished Creatures
  A gnoll (D:2)
  An ooze (D:2)
  A worm (D:2)
  A dart slug (D:1)
  A leopard gecko (D:2)
  3 bats (D:2)
  A giant cockroach (D:1)
  6 goblins
  6 hobgoblins
  4 kobolds
  2 quokkas (D:1)
  4 frilled lizards
  5 rats
36 creatures vanquished.

Vanquished Creatures (others)
  3 fungi (D:2)
  A plant (D:2)
4 creatures vanquished.

Grand Total: 40 creatures vanquished

Notes
Turn   | Place    | Note
-------+----------+-------------------------------------------
     0 | D:1      | rageheart7 the Troll Monk began the quest for the Orb.
     0 | D:1      | Reached XP level 1. HP: 22/22 MP: 0/0
   209 | D:1      | Reached XP level 2. HP: 29/29 MP: 1/1
  1024 | D:2      | Reached XP level 3. HP: 36/36 MP: 2/2
  1045 | D:2      | Found a blossoming altar of Fedhas.
  1070 | D:2      | Reached skill level 4 in Unarmed Combat
  1174 | D:2      | Slain by a gnoll

Illustrated notes

Levels and vault maps discovered:
D:1:      dpeg_arrival_long_road, layout_basic, serial_co_window_serial,
          co_window_cross_1, co_window_corner_a, co_window_paths_b,
          co_window_corner_a, co_window_paths_b, co_window_unsneaky_path_d,
          co_window_broadway_c, co_window_corner_cb, co_window_broadway_a,
          co_window_corner_b, co_window_2corner, co_window_unsneaky_path_d,
          glass_columns_b, skrybe_limestone_x
D:2:      layout_loops_ring, chequers_temple_overflow_minitemple,
          kennysheep_path_1, minmay_crystal_water, fedhas_altar_3, uniq_terence

Skill      XL: |  1  2  3 |
---------------+----------+-----
Fighting       | 3 |  3.0
Unarmed Combat | 4 |  4.2
Dodging        | |  2.4
Stealth        | |  1.0

Action                   || total
-------------------------++-------
Melee: Unarmed           ||    94
       Punch             ||     2
  Use: Scroll            ||     3
 Stab: Sleeping          ||     1
Armor: Robe              ||    24
Dodge: Dodged            ||    42

Table legend: (Time is in decaauts)
 A = Elapsed time spent in this place.
 B = Non-inter-level travel time spent in this place.
 C = Inter-level travel time spent in this place.
 D = Time resting spent in this place.
 E = Time spent auto-exploring this place.
 F = Levels seen in this place.
 G = Mean time per level.
                   A        B        C        D        E       F      G
               +--------+--------+--------+--------+--------+-----+--------+
         Total |   1168 |   1146 |     22 |     16 |    897 |   2 |  584.0 |
       Dungeon |   1168 |   1146 |     22 |     16 |    897 |   2 |  584.0 |
               +--------+--------+--------+--------+--------+-----+--------+

Top non-repeatable levels by time:
     D:1: 1004 daAuts
     D:2: 164 daAuts
